 Dungeon Crawl Stone Soup version 0.31-a0-37-g98a128e1d9 (webtiles) character file.

Game seed: 17282998346175318740

127 pk666 the Magician (level 4, 0/24 HPs)
             Began as a Deep Elf Hedge Wizard on May 15, 2023.
             Slain by a bullfrog (5 damage)
             ... on level 4 of the Dungeon.
             The game lasted 00:05:28 (3443 turns).

pk666 the Magician (Deep Elf Hedge Wizard)          Turns: 3443, Time: 00:05:29

Health: 0/24       AC:  2    Str:  7    XL:     4   Next: 85%
Magic:  0/13       EV: 12    Int: 21    God:
Gold:   165        SH:  0    Dex: 14    Spells: 8/14 levels left

rFire   . . .        k - +1 dagger (venom)
rCold   . . .        (no shield)
rNeg    . . .        b - +0 robe
rPois   .            c - +0 hat
rElec   .            (no cloak)
rCorr   .            (no gloves)
SInv    .            (no boots)
Will    .....        (no amulet)
Stlth   ++           (no ring)
HPRegen 0.24/turn    (no ring)
MPRegen 0.13/turn

%: no passive effects
@: very slightly contaminated
A: no striking features
a: no special abilities


You were on level 4 of the Dungeon.
You visited 1 branch of the dungeon, and saw 4 of its levels.

You collected 165 gold pieces.

Inventory:

Hand Weapons
 k - a +1 dagger of venom (weapon)
Armour
 b - a +0 robe (worn)
 c - a +0 hat (worn)
Jewellery
 h - an amulet of faith
Scrolls
 a - a scroll of fog {unknown}
 g - 2 scrolls of identify {unknown}
 i - a scroll of enchant armour {unknown}
 j - 2 scrolls of teleportation {unknown}
 l - a scroll of fear {unknown}
Potions
 d - a potion of magic
 e - 2 potions of brilliance {unknown}
 f - a potion of resistance {unknown}


   Skills:
 - Level 2.4 Dodging
 - Level 2.4 Stealth
 + Level 5.5 Spellcasting
 + Level 2.9 Conjurations
 - Level 1.1 Summonings
 - Level 2.0 Translocations
 + Level 1.3 Air Magic
 + Level 1.6 Poison Magic


You had 8 spell levels left.
You knew the following spells:

 Your Spells              Type           Power      Damage    Failure   Level
a - Magic Dart            Conj           72%        1d6       3%          1
b - Blink                 Tloc           28%        N/A       7%          2
c - Mephitic Cloud        Conj/Pois/Air  14%        N/A       14%         3

Your spell library contained the following spells:

 Spells                   Type           Power      Damage    Failure   Level
 Call Imp                 Summ           20%        N/A       10%         2
 Slow                     Hex            20%        N/A       11%         1
 Cigotuvi's Dreadful Rot  Necr/Pois/Air  20%        N/A       11%         2
 Portal Projectile        Hex/Tloc       20%        N/A       21%         3
 Tukima's Dance           Hex            5%         N/A       30%         3
 Blade Hands              Tmut           2%         N/A       96%         5


Dungeon Overview and Level Annotations

Branches:
Dungeon (4/15)
 Temple: D:4-7

Altars:
Gozag
Kikubaaqudgha
Okawaru


Message History

Casting: Magic Dart (safe; 3% risk of failure)
Confirm with . or Enter, or press ? or * to list all spells.
You blink.
The bullfrog barely misses you.
Casting: Blink (safe; 7% risk of failure)
Confirm with . or Enter, or press ? or * to list all spells.
You are still too unstable to blink.
You closely miss the bullfrog.
The bullfrog is heavily wounded.
The bullfrog barely misses you.
Unknown command.
The bullfrog hits you!
* * * LOW HITPOINT WARNING * * *
Your magical contamination has completely faded away.
Casting: Blink (safe; 7% risk of failure)
Confirm with . or Enter, or press ? or * to list all spells.
You are still too unstable to blink.
Casting: Blink (safe; 7% risk of failure)
Confirm with . or Enter, or press ? or * to list all spells.
The spell is quite dangerous to miscast (14% risk of failure)!
Continue anyway?
Aiming: Mephitic Cloud (quite dangerous; 14% risk of failure)
Press: ? - help, Shift-Dir - straight line, f/p - bullfrog
Aim: a bullfrog (heavily wounded, chance to affect: 81%) That beam is likely to hit you.
Continue anyway?
You miscast Mephitic Cloud.
You are very lightly contaminated with residual magic.
Nothing appears to happen.
The bullfrog barely misses you.
Okay, then.
Casting: Mephitic Cloud (quite dangerous; 14% risk of failure)
Confirm with . or Enter, or press ? or * to list all spells.
The spell is quite dangerous to miscast (14% risk of failure)!
Continue anyway?
Aiming: Mephitic Cloud (quite dangerous; 14% risk of failure)
Press: ? - help, Shift-Dir - straight line, f/p - bullfrog
Aim: a bullfrog (heavily wounded, chance to affect: 81%) That beam is likely to hit you.
Continue anyway?
You miscast Mephitic Cloud.
Nothing appears to happen.
You feel stable enough to blink again. The bullfrog hits you.
* * * LOW HITPOINT WARNING * * *
The bullfrog hits you.
You die...

... ..
.... .
....####.
.........
......#
#....#
#....#
#.).@#
#...F#
#....#
#.$..#
#....#
#....#
#....#
#....#
+....#


You could see a bullfrog.

Vanquished Creatures
  An iguana (D:3)
  3 adders
  2 dart slugs
  6 endoplasms
  8 giant cockroaches
  6 hobgoblins
  8 jackals
  A quokka (D:1)
  4 ball pythons
  9 bats
  A frilled lizard (D:1)
  7 goblins
  2 kobolds (D:2)
  7 rats
65 creatures vanquished.

Notes
Turn   | Place    | Note
-------+----------+-------------------------------------------
     0 | D:1      | pk666 the Deep Elf Hedge Wizard began the quest for the
                  | Orb.
     0 | D:1      | Reached XP level 1. HP: 10/10 MP: 7/7
   393 | D:1      | Reached XP level 2. HP: 15/15 MP: 6/9
  1029 | D:1      | Reached skill level 5 in Spellcasting
  1135 | D:1      | Learned a level 2 spell: Blink
  1283 | D:2      | Reached XP level 3. HP: 19/19 MP: 8/11
  1287 | D:2      | Learned a level 3 spell: Mephitic Cloud
  2330 | D:3      | Reached XP level 4. HP: 23/24 MP: 8/13
  2337 | D:3      | Reached skill level 1 in Poison Magic
  2728 | D:3      | Found an ancient bone altar of Kikubaaqudgha.
  2729 | D:3      | Found an iron altar of Okawaru.
  2730 | D:3      | Found an opulent altar of Gozag.
  2764 | D:3      | Reached skill level 1 in Air Magic
  3432 | D:4      | Noticed a bullfrog
  3443 | D:4      | Slain by a bullfrog

Illustrated notes

Levels and vault maps discovered:
D:1:      dpeg_arrival_signposts, layout_rooms, chequers_serial_rivers_large_b,
          minmay_misc_feat_nine_boxes
D:2:      minmay_recursive_quarters, layout_basic
D:3:      layout_basic, gammafunk_temple_overflow_forgotten,
          minmay_tree_intersection
D:4:      layout_gridville, ashenzari_altar_1, serial_shops, shop,
          nicolae_book_shop_shelving, nicolae_shop_back_alley_shop, shop

Skill      XL: |  1  2  3  4 |
---------------+-------------+-----
Conjurations   | 2 |  2.9
Translocations | 2 |  2.0
Spellcasting   | 5 |  5.5
Poison Magic   | 1 |  1.6
Air Magic      | 1 |  1.3
Dodging        | |  2.4
Stealth        | |  2.4
Summonings     | |  1.1

Action                     |  1- 3 |  4- 6 || total
---------------------------+-------+-------++-------
  Melee: Dagger            |     9 |     4 ||    13
   Cast: Magic Dart        |   105 |    61 ||   166
         Blink             |       |     2 ||     2
         Mephitic Cloud    |       |     1 ||     1
 Armour: Robe              |     7 |     4 ||    11
  Dodge: Dodged            |    27 |    21 ||    48

Table legend: (Time is in decaauts)
 A = Elapsed time spent in this place.
 B = Non-inter-level travel time spent in this place.
 C = Inter-level travel time spent in this place.
 D = Time resting spent in this place.
 E = Time spent auto-exploring this place.
 F = Levels seen in this place.
 G = Mean time per level.
                   A        B        C        D        E       F      G
               +--------+--------+--------+--------+--------+-----+--------+
         Total |   3466 |   3292 |    174 |    512 |   2388 |   4 |  866.5 |
       Dungeon |   3466 |   3292 |    174 |    512 |   2388 |   4 |  866.5 |
               +--------+--------+--------+--------+--------+-----+--------+

Top non-repeatable levels by time:
     D:2: 1229 daAuts
     D:1: 1208 daAuts
     D:3: 989 daAuts
     D:4: 38 daAuts
